AoeStats
← ajanderson120

MegaRandom

509979892Analyzed
4v4 RM · 4d ago on Sep 28, 2026· 41m 49s· 8 players
Game mode
Random Map
Map size
Large (8 player)
Population
200
Speed
Normal
Resources
Standard
Victory
Conquest
Starting age
Dark Age
Ending age
Imperial Age
RankedLock teamsTeams togetherTeam positionsShared explorationLock speedFull tech treeHidden civsTurbo modeCheats
Victory
Defeat
🇦🇷 Danes · Argentina
1335
+12
🇦🇷 Magyars · Argentina
1252
+15
🇨🇱 Italians · Chile
1168
+19
🇨🇱 Huns · Chile
1145
+19
🇲🇽 Ethiopians · Mexico
1283
-18
🇺🇸 Koreans · United States
1237
-17
🇺🇸 Persians · United States
1208
-15
🇺🇸 Danes · United States
1197
-15
TheGallant"CTH"
5:24 Loom
9:45 Feudal Age
10:38 Double-Bit Axe
14:10 Fletching
19:45 Castle Age
18:12 Gold Mining
20:17 Elite Skirmisher
22:10 Bodkin Arrow
28:09 Bow Saw
27:42 Horse Collar
28:15 Scale Mail Armor
28:34 Arson
ajanderson120
1:11 Loom
11:27 Feudal Age
12:25 Double-Bit Axe
18:10 Castle Age
16:25 Gold Mining
17:25 Horse Collar
17:37 Fletching
17:44 Stone Mining
18:56 Scale Mail Armor
18:54 Crossbowman
22:22 Bodkin Arrow
Flave Tycoon
12:41 Feudal Age
16:19 Castle Age
15:03 Double-Bit Axe
16:36 Scale Barding Armor
17:07 Bow Saw
18:42 Loom
Megatron2002
2:18 Loom
Genghis Kant
10:43 Feudal Age
12:23 Loom
14:48 Castle Age
13:17 Fishing Lines
16:38 Double-Bit Axe
17:53 Wheelbarrow
18:29 Gillnets
21:13 Town Watch
21:47 Gold Mining
21:59 Stone Mining
23:40 Horse Collar
24:21 Town Patrol
25:32 Bow Saw
26:09 Forging
25:59 Scale Mail Armor
28:32 Imperial Age
26:49 Hand Cart
27:39 Iron Casting
27:13 Hamask
28:14 Chain Mail Armor
28:04 Heavy Plow
28:56 Elite Jomsviking
31:36 Blast Furnace
31:06 Plate Mail Armor
34:57 Gold Shaft Mining
34:57 Stone Shaft Mining
33:57 Spies/Treason
35:47 Gambesons
36:03 Squires
35:48 Arson
40:17 Guard Tower
40:48 Ballistics
41:30 Chemistry
41:28 Fletching
41:57 Murder Holes
EL TOPO YIYO
1:46 Loom
2:19 Loom
4:19 Loom
5:34 Loom
7:21 Loom
7:33 Loom
10:43 Feudal Age
13:18 Scale Barding Armor
14:54 Bloodlines
22:22 Wheelbarrow
22:16 Double-Bit Axe
22:12 Horse Collar
25:20 Castle Age
23:28 Gold Mining
26:33 Chain Barding Armor
26:15 Husbandry
29:34 Arson
29:39 Town Watch
30:20 Hand Cart
30:28 Bow Saw
30:21 Heavy Plow
VZ | Thyrfing
6:31 Loom
9:36 Feudal Age
10:44 Double-Bit Axe
17:13 Gold Mining
18:51 Horse Collar
19:32 Fletching
23:18 Castle Age
22:23 Padded Archer Armor
23:50 Crossbowman
28:24 Bodkin Arrow
28:46 Leather Archer Armor
39:03 Imperial Age
39:09 Spies/Treason
Bienjamming
2:18 Loom
14:00 Feudal Age
15:01 Double-Bit Axe
17:26 Fletching
18:00 Padded Archer Armor
18:34 Gold Mining
19:07 Horse Collar
20:16 Arson
20:42 Forging
23:11 Bloodlines
25:16 Castle Age
25:27 Bloodlines
28:04 Bodkin Arrow
27:39 Crossbowman
29:12 Leather Archer Armor
32:24 Husbandry
36:00 Marauders
36:07 Scale Barding Armor
Connection lost

Rejoining the realm…

Still unreachable

The connection could not be restored.

Session expired

The server has moved on; the page needs a fresh start.